AoeStats
← cairat21

Arena

507063320Analyzed
3v3 RM · 15d ago on Sep 16, 2026· 65m 24s· 6 players
Game mode
Random Map
Map size
Normal (6 player)
Population
200
Speed
Normal
Resources
Standard
Victory
Conquest
Starting age
Dark Age
Ending age
Imperial Age
RankedLock teamsTeams togetherTeam positionsShared explorationLock speedFull tech treeHidden civsTurbo modeCheats
Victory
Defeat
🇻🇳 Mongols · Vietnam
701
+14
🇦🇩 Huns · Andorra
698
+14
🇩🇪 Franks · Germany
656
+16
🇨🇱 Franks · Chile
751
-19
🇺🇸 Tupi · United States
622
-13
🇩🇪 Portuguese · Germany
601
-12
cairat21
12:02 Feudal Age
16:43 Castle Age
17:14 Double-Bit Axe
18:22 Horse Collar
19:42 Bow Saw
20:53 Fervor
23:37 Wheelbarrow
23:01 Stone Mining
23:03 Gold Mining
26:30 Heavy Plow
27:01 Murder Holes
27:27 Ballistics
27:24 Town Watch
28:50 Hand Cart
28:51 Fletching
30:08 Husbandry
32:36 Scale Barding Armor
32:42 Forging
32:51 Bloodlines
32:56 Masonry
33:02 Bodkin Arrow
33:23 Marauders
33:55 Arson
34:34 Chain Barding Armor
34:50 Iron Casting
38:31 Imperial Age
38:40 Thumb Ring
38:53 Padded Archer Armor
40:18 Plate Barding Armor
40:18 Conscription
40:54 Elite Tarkan
43:37 Blast Furnace
54:21 Heavy Cavalry Archer
55:28 Parthian Tactics
55:10 Bracer
55:13 Padded Archer Armor
56:48 Chemistry
64:33 Spies/Treason
Buddy
4:24 Loom
12:16 Feudal Age
15:55 Double-Bit Axe
16:05 Stone Mining
18:48 Castle Age
17:04 Gold Mining
31:25 Imperial Age
29:23 Bow Saw
30:15 Wheelbarrow
29:34 Town Watch
30:28 Scale Barding Armor
30:34 Forging
32:04 Husbandry
33:11 Chemistry
32:35 Cavalier
34:03 Caravan
35:55 Hand Cart
37:47 Coinage
38:51 Chain Barding Armor
39:09 Iron Casting
38:41 Chivalry
40:22 Paladin
42:42 Plate Barding Armor
42:58 Fletching
44:12 Blast Furnace
44:05 Banking
44:08 Town Patrol
55:48 Scale Mail Armor
55:48 Padded Archer Armor
55:44 Bodkin Arrow
55:47 Arrowslits
55:58 Murder Holes
56:14 Fortified Wall
56:14 Masonry
duchuy2442
9:28 Feudal Age
10:07 Double-Bit Axe
13:07 Horse Collar
16:11 Gold Mining
17:58 Bloodlines
21:14 Castle Age
22:26 Husbandry
22:54 Bow Saw
24:24 Caravan
24:47 Heavy Plow
27:49 Fletching
28:26 Bodkin Arrow
32:52 Gold Shaft Mining
32:08 Stone Mining
34:05 Ballistics
37:30 Imperial Age
35:29 Scale Barding Armor
39:29 Conscription
40:33 Elite Steppe Lancer
41:48 Elite Mangudai
49:17 Chemistry
48:19 Bracer
48:30 Forging
CoroOutbreak
11:46 Feudal Age
12:18 Horse Collar
13:16 Wheelbarrow
12:30 Double-Bit Axe
19:49 Castle Age
18:14 Gold Mining
18:39 Stone Mining
20:54 Heavy Plow
21:10 Bow Saw
21:25 Hand Cart
28:10 Imperial Age
27:13 Treadmill Crane
29:22 Crop Rotation
29:57 Two-Man Saw
38:45 Town Watch
38:46 Loom
40:07 Coinage
39:38 Caravan
39:49 Guilds
40:22 Town Patrol
42:30 Banking
45:33 Light Cavalry
46:13 Husbandry
46:24 Bloodlines
45:34 Cavalier
48:43 Elite Organ Gun
49:44 Conscription
49:24 Circumnavigation
52:03 Crossbowman
52:48 Thumb Ring
52:04 Elite Skirmisher
55:56 Onager
55:58 Capped Ram
56:46 Arbalester
57:05 Sappers
57:38 Arquebus
Lt. Aldo Raine
0:36 Loom
16:07 Feudal Age
16:47 Double-Bit Axe
16:46 Horse Collar
17:53 Town Watch
18:44 Wheelbarrow
21:38 Scale Mail Armor
24:29 Fletching
26:46 Castle Age
24:44 Gold Mining
24:55 Stone Mining
25:59 Champi Runner
27:30 Forging
27:41 Champi Warrior
29:47 Chain Mail Armor
29:57 Squires
29:44 Arson
30:06 Bodkin Arrow
30:36 Ballistics
30:26 Pikeman
31:44 Murder Holes
33:31 Gold Shaft Mining
34:36 Iron Casting
33:51 Treadmill Crane
35:17 Caciques
36:51 Caravan
36:57 Padded Archer Armor
36:53 Guard Tower
37:48 Hand Cart
37:34 Town Patrol
42:34 Imperial Age
42:43 Leather Archer Armor
44:24 Chemistry
43:43 Bow Saw
44:23 Hoardings
44:32 Heavy Plow
46:50 Conscription
45:51 Elite Blackwood Archer
46:19 Elite Champi Warrior
47:31 Conscription
48:14 Keep
47:16 Halberdier
franco.93
2:50 Loom
14:15 Feudal Age
14:56 Double-Bit Axe
20:04 Castle Age
18:17 Man-at-Arms
21:26 Stone Mining
21:29 Gold Mining
26:48 Gold Shaft Mining
26:40 Bow Saw
28:44 Scale Barding Armor
28:39 Scale Mail Armor
33:40 Imperial Age
31:57 #83
31:41 Husbandry
32:29 Chain Mail Armor
32:24 Forging
32:21 Scale Barding Armor
32:03 Man-at-Arms
32:28 Gambesons
32:29 Arson
32:45 Squires
34:09 Wheelbarrow
33:51 Masonry
34:47 Conscription
34:19 Long Swordsman
34:19 Pikeman
35:05 Two-Handed Swordsman
36:27 Chain Barding Armor
36:38 Plate Mail Armor
36:44 Iron Casting
37:04 Cavalier
38:38 Plate Barding Armor
38:38 Architecture
39:39 Hoardings
39:00 Fletching
39:10 Padded Archer Armor
38:49 Halberdier
40:24 Siege Engineers
40:15 Murder Holes
40:39 Leather Archer Armor
40:43 Chivalry
42:12 Plate Mail Armor
42:42 Blast Furnace
41:38 Bodkin Arrow
41:53 Paladin
43:24 Arrowslits
44:39 Chemistry
43:51 Fortified Wall
44:01 Ballistics
43:33 Guard Tower
44:58 Hand Cart
44:49 Elite Skirmisher
49:09 Champion
50:50 Heavy Cavalry Archer
Connection lost

Rejoining the realm…

Still unreachable

The connection could not be restored.

Session expired

The server has moved on; the page needs a fresh start.